 Dungeon Crawl Stone Soup version 0.19-a0-1889-g9c603be (webtiles) character file.

1412 sveltemanboy the Spear-Bearer (level 8, -10/61 HPs)
             Began as a Demonspawn Gladiator on Oct 17, 2016.
             Was a Priest of Okawaru.
             Mangled by an orc warrior
             ... wielding a +0 battleaxe
              (17 damage)
             ... on level 6 of the Dungeon.
             The game lasted 00:13:02 (5561 turns).

sveltemanboy the Spear-Bearer (DsGl)                Turns: 5561, Time: 00:13:02

Health: -10/61     AC: 13    Str: 17    XL:     8   Next: 43%
Magic:  0/12       EV:  8    Int: 14    God:    Okawaru [***...]
Gold:   390        SH:  0    Dex: 14    Spells: 0 memorised, 7 levels left

rFire  . . .     SeeInvis .     a - +0 trident
rCold  . . .     Gourm    .     y - +3 chain mail {rPois}
rNeg   . . .     Faith    .     (no shield)
rPois  +         Spirit   +     (helmet restricted)
rElec  .         Reflect  .     (no cloak)
rCorr  .         Harm     .     (no gloves)
MR     .....                    (no boots)
Stlth  ..........               B - amulet of inaccuracy (curse)
                                w - +4 ring of intelligence
                                b - ring of stealth

@: no status effects
A: horns 2, slimy green scales 1, low mp 1, powered by death 1, robust 1, magic
shield, magic regeneration
a: Heroism, Renounce Religion


You were on level 6 of the Dungeon.
You worshipped Okawaru.
Okawaru was most pleased with you.
You were very hungry.

You visited 1 branch of the dungeon, and saw 6 of its levels.

You collected 390 gold pieces.

Inventory:

Hand Weapons
 a - a +0 trident (weapon)
Missiles
 c - 6 tomahawks (quivered)
 i - 10 javelins
Armour
 y - a +3 chain mail of poison resistance (worn)
Jewellery
 b - a ring of stealth (left hand)
 v - an uncursed ring of resist corrosion
 w - a +4 ring of intelligence (right hand)
 B - a cursed amulet of inaccuracy (around neck)
Wands
 s - a wand of lightning (0/15)
 x - a wand of teleportation (3/9)
Scrolls
 n - a scroll of recharging
 q - 4 scrolls of identify
 C - 3 scrolls of teleportation
Potions
 g - a potion of cure mutation {unknown}
 h - a potion of agility {unknown}
 j - a potion of beneficial mutation {unknown}
 k - a potion of brilliance {unknown}
 o - a potion of haste {unknown}
 p - 5 potions of curing
 t - a potion of degeneration {unknown}
Comestibles
 d - 2 fruits
 f - 5 bread rations
 l - a royal jelly
 m - 2 slices of pizza
 u - a meat ration
 A - 2 beef jerkies


   Skills:
 - Level 2.0 Fighting
 * Level 8.2 Polearms
 - Level 1.7 Throwing
 + Level 1.9 Armour
 - Level 2.6 Dodging
 - Level 7.2 Invocations


You had 7 spell levels left.
You didn't know any spells.

Dungeon Overview and Level Annotations

Branches:
Dungeon (6/15)
 Temple: D:4-7

Altars:
Cheibriados
Dithmenos
Elyvilon
Okawaru
Ru
Sif Muna
Zin


Innate Abilities, Weirdness & Mutations

You have a pair of horns on your head.
You are partially covered in slimy green scales. (AC +2)
You regenerate a little health from kills.
When hurt, damage is shared between your health and your magic reserves.
You regenerate magic rapidly.
Your magical capacity is low. (-10% MP)
You are robust. (+10% HP)


Message History

The orc warrior is almost dead.
The orc warrior hits you with a battleaxe.
You closely miss the orc warrior.
The orc warrior is almost dead.
The orc warrior hits you with a battleaxe!!
You closely miss the orc warrior.
The orc warrior is almost dead.
You hit the orc warrior but do no damage.
Your headbutt misses the orc warrior.
The orc warrior is almost dead.
The orc curses repeatedly.
The orc warrior hits you with a battleaxe!!
* * * LOW HITPOINT WARNING * * *
Evoke which item? (* to show all) (? for menu, Esc to quit)
Zapping:
s - a wand of lightning {zapped: 7} (will waste charges)
Press: ? - help, Shift-Dir - straight line, f/p - orc warrior
Aim: an orc warrior, wielding a battleaxe and wearing a chain mail (almost dead) Nothing appears to happen.
The orc warrior hits you with a battleaxe!!
You die...

... ... .) .. ######
)# #....# .#
#.##....####.####..
....z......@oo..%.>.
##.#######.##.######
.. ...........# ##
.######.####
...........#
#..####.##.# #.##.#
#.##.# #.##.#


You could see an orc warrior, a wight and an orc.

Vanquished Creatures
  Grinder (D:3)
  Eustachio (D:4)
  Menkaure (D:4)
  Duvessa (D:4)
  A sky beast (D:6)
  The ghost of brucemayne the Chopper, an amateur HOMo (D:5)
  An ogre (D:5)
  Dowan (D:4)
  A scorpion (D:6)
  A howler monkey (D:5)
  3 bullfrog zombies
  2 bullfrog skeletons
  A centaur skeleton (D:4)
  4 orc wizards
  8 adders
  A gnoll (D:4)
  3 shadow imps
  An ooze (D:3)
  3 worms
  4 dart slugs
  4 leopard geckos
  13 orcs
  8 bats
  4 giant cockroaches
  5 goblins
  5 hobgoblins
  4 jackals (D:4)
  A quokka (D:2)
  A ball python skeleton (D:4)
  6 frilled lizards
  A jackal skeleton (D:5)
  8 kobolds
  A leopard gecko zombie (D:5)
  3 quokka skeletons
  5 rats
109 creatures vanquished.

Vanquished Creatures (others)
  An orc wizard (D:5)
  A goblin (D:1)
2 creatures vanquished.

Grand Total: 111 creatures vanquished

Notes
Turn   | Place    | Note
-------+----------+-------------------------------------------
     0 | D:1      | sveltemanboy the Demonspawn Gladiator began the quest for the Orb.
     0 | D:1      | Reached XP level 1. HP: 16/16 MP: 1/1
   512 | D:1      | Reached skill level 1 in Armour
   888 | D:1      | Gained mutation: You are partially covered in slimy green scales. (AC +2) [demonic ancestry]
   888 | D:1      | Reached XP level 2. HP: 20/22 MP: 2/2
  1092 | D:2      | Reached skill level 3 in Polearms
  1289 | D:2      | Gained mutation: You have a pair of small horns on your head. [demonic ancestry]
  1289 | D:2      | Reached XP level 3. HP: 27/27 MP: 3/3
  1820 | D:2      | Found an iron altar of Okawaru.
  1820 | D:2      | Found a white marble altar of Elyvilon.
  1828 | D:2      | Became a worshipper of Warmaster Okawaru
  1989 | D:3      | Found a shadowy altar of Dithmenos.
  2220 | D:3      | Reached skill level 1 in Invocations
  2303 | D:3      | Reached XP level 4. HP: 33/33 MP: 4/4
  2316 | D:3      | Reached skill level 4 in Polearms
  2864 | D:3      | Noticed Grinder
  2875 | D:3      | Killed Grinder
  2875 | D:3      | Reached * piety under Okawaru
  2875 | D:3      | Reached skill level 5 in Polearms
  2875 | D:3      | Gained mutation: When hurt, damage is shared between your health and your magic reserves. [demonic ancestry]
  2875 | D:3      | Reached XP level 5. HP: 24/38 MP: 5/7
  2875 | D:3      | Gained mutation: You regenerate a little health from kills. [demonic ancestry]
  2875 | D:3      | Reached XP level 6. HP: 28/44 MP: 5/8
  3565 | D:4      | Noticed Duvessa
  3571 | D:4      | Noticed Dowan
  3605 | D:4      | Killed Dowan
  3605 | D:4      | Reached skill level 6 in Polearms
  3845 | D:4      | Noticed Eustachio
  3988 | D:4      | Gained mutation: You have a pair of horns on your head. [demonic ancestry]
  3988 | D:4      | Reached XP level 7. HP: 49/50 MP: 10/10
  4178 | D:4      | Found a glowing silver altar of Zin.
  4297 | D:4      | Killed Duvessa
  4304 | D:4      | Reached ** piety under Okawaru
  4304 | D:4      | Reached skill level 5 in Invocations
  4306 | D:4      | Noticed Menkaure
  4328 | D:4      | Killed Menkaure
  4346 | D:4      | Killed Eustachio
  4346 | D:4      | Reached skill level 7 in Polearms
  4554 | D:4      | Found a sacrificial altar of Ru.
  4587 | D:5      | Entered Level 5 of the Dungeon
  4607 | D:5      | Noticed brucemayne's ghost (amateur HOMo)
  4619 | D:5      | Killed brucemayne's ghost
  4619 | D:5      | Gained mutation: You regenerate magic rapidly. [demonic ancestry]
  4619 | D:5      | Reached XP level 8. HP: 47/56 MP: 7/12
  4724 | D:5      | Found a deep blue altar of Sif Muna.
  4879 | D:5      | Reached *** piety under Okawaru
  5326 | D:6      | Reached skill level 8 in Polearms
  5330 | D:6      | Found a snail-covered altar of Cheibriados.
  5382 | D:6      | Gained mutation: You have a pair of large horns on your head. [mutagenic meat]
  5385 | D:6      | Gained mutation: You are robust. (+10% HP) [mutagenic meat]
  5388 | D:6      | Gained mutation: Your magical capacity is low. (-10% MP) [mutagenic meat]
  5391 | D:6      | Lost mutation: You have a pair of large horns on your head. [mutagenic meat]
  5561 | D:6      | Mangled by an orc warrior

Vault maps used:
D:1:      dpeg_arrival_tiny_d, lemuel_flame_loot_1
D:2:      minmay_wonky_spiral, minitemple
D:3:      kennysheep_six_static_rooms, lemuel_round_altar, uniq_grinder
D:4:      nicolae_ru_path_of_blood, kennysheep_little_box, first_bread,
          uniq_duvessa, uniq_eustachio, uniq_menkaure
D:5:      led_sif_book
D:6:      kennysheep_slug_shrine, chequers_temple_overflow_minitemple,
          grunt_qazlal_sundering

Skill      XL: |  1  2  3  4  5  6  7  8 |
---------------+-------------------------+-----
Armour         | 1 |  1.9
Polearms       | 3 5 6 7 8 |  8.2
Invocations    | 1 3 4 6 7 |  7.2
Fighting       | |  2.0
Throwing       | |  1.7
Dodging        | |  2.6

Action                   |  1- 3 |  4- 6 |  7- 9 || total
-------------------------+-------+-------+-------++-------
Melee: Trident           |    91 |   186 |   204 ||   481
       Headbutt          |     4 |    20 |    34 ||    58
       Punch             |       |       |     1 ||     1
Throw: Stone             |    21 |     2 |       ||    23
       Javelin           |       |     3 |       ||     3
       Throwing net      |       |     1 |     2 ||     3
       Tomahawk          |       |       |     3 ||     3
Invok: Heroism           |       |       |     1 ||     1
Evoke: Wand              |     3 |       |     3 ||     6
  Use: Scroll            |     3 |       |     5 ||     8
       Potion            |       |     3 |       ||     3
 Stab: Sleeping          |       |     2 |       ||     2
       Held in net/web   |       |     1 |     3 ||     4
  Eat: Chunk             |     3 |     6 |     9 ||    18
Armor: Ring mail         |    30 |    81 |       ||   111
       Chain mail        |       |       |    99 ||    99
Dodge: Dodged            |    35 |   104 |    45 ||   184
